 Dungeon Crawl Stone Soup version 0.28-b1-25-g9875b3fc8c (webtiles) character file.

Game seed: 3743674190312388821

10327 crazypyro the Basher (level 11, -11/75 HPs)
             Began as a Demonspawn Fighter on Feb 1, 2022.
             Was an Initiate of Gozag.
             Killed by divine providence
             ... invoked by an orc priest
              (14 damage)
             ... on level 10 of the Dungeon.
             The game lasted 00:17:49 (11648 turns).

crazypyro the Basher (Demonspawn Fighter)          Turns: 11648, Time: 00:17:50

Health: -11/75     AC: 19    Str: 23    XL:     11   Next: 34%
Magic:  11/11      EV: 14    Int: 11    God:    Gozag
Gold:   1009       SH: 10    Dex: 15    Spells: 10/10 levels left

rFire   . . .      SeeInvis .   y - +1 morningstar
rCold   . . .      Faith    .   c - +0 buckler
rNeg    . . .      Spirit   .   r - +0 swamp dragon scales
rPois   +          Reflect  .   (no helmet)
rElec   .          Harm     .   D - +2 cloak {Will+}
rCorr   +          Rampage  .   o - +0 pair of gloves
Will    +....                   (boots unavailable)
Stlth   +.........              f - amulet of regeneration
HPRegen 1.02/turn               m - ring "Icubuag" {rCorr Str+4 Int+2}
MPRegen 0.12/turn               (no ring)

@: mighty, gold aura, hasted, very quick
A: hooves 3, demonic guardian 2, icemail 1, sharp scales 2, condensation shield
a: Renounce Religion, Potion Petition, Call Merchant, Bribe Branch


You were on level 10 of the Dungeon.
You worshipped Gozag.
Gozag was most pleased with you.
You visited 2 branches of the dungeon, and saw 11 of its levels.
You also visited: Bailey.

You collected 1608 gold pieces.
You spent 501 gold pieces at shops.
You paid 98 gold pieces to Gozag.

Inventory:

Hand Weapons
 a - a +0 flail
 y - a +1 morningstar (weapon)
 G - a +2 flail of protection
Armour
 c - a +0 buckler (worn)
 o - a +0 pair of gloves (worn)
 p - a +1 ring mail of poison resistance
 r - +0 swamp dragon scales (worn)
 D - a +2 cloak of willpower (worn)
Jewellery
 f - an amulet of regeneration (around neck)
 m - the ring "Icubuag" (left hand) {rCorr Str+4 Int+2}
   (You bought it in a shop on level 6 of the Dungeon)

   [ring of resist corrosion]

   Str:       It affects your strength (+4).
   Int:       It affects your intelligence (+2).
   rCorr:     It protects you from acid and corrosion.
Wands
 i - a wand of flame (23)
 l - a wand of paralysis (16)
 w - a wand of digging (3)
 x - a wand of mindburst (11)
Scrolls
 e - 9 scrolls of teleportation
 t - 3 scrolls of fear
 C - 2 scrolls of enchant weapon
Potions
 g - a potion of magic
 j - a potion of cancellation
 q - 2 potions of attraction
 u - a potion of invisibility
 v - a potion of mutation
 z - a potion of ambrosia
 A - 4 potions of flight
 B - 2 potions of curing
 E - a potion of haste
 F - a potion of lignification


   Skills:
 - Level 3.0 Fighting
 - Level 11.6 Maces & Flails
 + Level 6.1 Armour
 * Level 7.1 Dodging
 - Level 8.3 Shields


You had 10 spell levels left.
You didn't know any spells.
Your spell library contained the following spells:

 Spells                   Type           Power      Damage    Failure   Level
 Animate Skeleton         Necr           0%         N/A       54%         1
 Apportation              Tloc           0%         N/A       54%         1
 Magic Dart               Conj           0%         1d3       54%         1
 Summon Small Mammal      Summ           0%         N/A       54%         1
 Call Imp                 Summ           0%         N/A       69%         2
 Mephitic Cloud           Conj/Pois/Air  0%         N/A       89%         3
 Ozocubu's Armour         Ice            0%         N/A       89%         3
 Metabolic Englaciation   Hex/Ice        0%         N/A       100%        5
 Simulacrum               Ice/Necr       0%         N/A       100%        6


Dungeon Overview and Level Annotations

Branches:
Dungeon (10/15)            Temple (1/1) D:7            Lair (0/6) D:8
    Orc (0/2) D:9          Bailey (visited)

Altars:
Cheibriados
Dithmenos
Elyvilon
Fedhas
Gozag
Hepliaklqana
Kikubaaqudgha
Makhleb
Nemelex Xobeh
Okawaru
Ru
Trog
Uskayaw
Vehumet
Wu Jian
Xom
Yredelemnul
Zin
The Shining One

Shops:
D:2 :   D:3 :(   D:6 ?=


Innate Abilities, Weirdness & Mutations

You have hooves in place of feet.
A demonic guardian rushes to your aid.
A meltable icy envelope protects you from harm. (AC +4)
You are mostly covered in razor-sharp scales. (AC +2, Slay +2)
A meltable shield of frost defends you. (SH +4)


Message History

The orc priest closely misses your hellwing.
Your hellwing hits the orc warrior!
Your hellwing barely misses the orc warrior.
You hit the two-headed ogre.
The two-headed ogre is heavily wounded.
The orc warrior barely misses you.
The orc warrior hits your hellwing with a +0 hand axe of freezing!
The orc warrior freezes your hellwing. The two-headed ogre closely misses you.
You block the two-headed ogre's attack.
The orc priest hits your hellwing but does no damage.
You block the orc priest's attack.
Your hellwing hits the orc warrior! Your hellwing hits the orc warrior.
You thump the two-headed ogre! You kick the two-headed ogre!
The two-headed ogre is almost dead.
The orc warrior drinks a potion.
The orc warrior is healed!
The orc priest mumbles some strange prayers to Beogh against you.
Beogh smites you!
* * * LOW HITPOINT WARNING * * *
The two-headed ogre hits you but does no damage.
You block the two-headed ogre's attack.
Your hellwing hits the orc warrior.
Your hellwing hits the orc warrior but does no damage.
You feel yourself speed up. You block the orc warrior's attack.
The orc warrior hits your hellwing with a +0 hand axe of freezing!
The orc warrior freezes your hellwing. The orc priest closely misses you.
The orc priest hits your hellwing but does no damage.
Your hellwing hits the orc warrior but does no damage. x2
You completely miss the two-headed ogre.
Your kick misses the two-headed ogre.
The two-headed ogre is almost dead.
The two-headed ogre hits you with a +0 giant club.
* * * LOW HITPOINT WARNING * * *
The two-headed ogre hits you with a +0 giant club!
* * * LOW HITPOINT WARNING * * *
A demonic guardian appears!
The orc warrior closely misses your hellwing.
You block the orc warrior's attack.
The orc priest mumbles some strange prayers to Beogh against you.
Beogh smites you!
You die...
Your body crumbles into a pile of gold.

#.........##...##...
#.........##...##...
#.........##...##...
#..............##..#
#..............##..#
#.........###......#
#.........# #..##..#
#.........# #..##..#
#..@4.....# #..##..#
#.Ooo.....# #..##..#
#4.o......# #..##..#
#.........# #..##...
...........#
#..##.[.
............#
#..##...
............. #...
..##.......... #...
#...


You could see a two-headed ogre (ally target), an orc warrior (ally target), 2
orc priests, a friendly hellwing (summoned) and a friendly rust devil
(summoned).

Vanquished Creatures
  Erica (D:9)
  A manticore (D:8)
  Joseph (D:9)
  Maggie (D:9)
  A hornet (D:8)
  Sigmund (D:5)
  A wraith (D:9)
  3 wyverns (D:8)
  3 basilisks (D:8)
  Eustachio (D:6)
  13 yaks
  Grum (D:8)
  Menkaure (D:7)
  3 water moccasins (D:8)
  2 ice beasts (D:8)
  3 black bears
  10 orc warriors
  4 wolves (D:8)
  2 ogres
  5 centaurs
  A phantom (D:3)
  4 bullfrogs
  4 scorpions
  A wyvern skeleton (D:7)
  A water moccasin skeleton (D:5)
  5 wights (D:6)
  2 howler monkeys
  3 centaur zombies
  A bullfrog zombie (D:7)
  3 orc priests
  2 centaur skeletons (D:6)
  A hound (D:5)
  A jelly (D:5)
  A gnoll shaman (D:5)
  A bullfrog skeleton (D:5)
  3 iguanas
  6 orc wizards
  A howler monkey skeleton (D:7)
  12 gnolls
  9 adders
  A white imp (D:5)
  An ufetubus (D:6)
  4 worms
  A dart slug (D:4)
  40 orcs
  5 ball pythons
  6 endoplasms
  2 giant cockroaches
  14 goblins
  11 hobgoblins
  3 jackals (D:3)
  4 quokkas
  5 bats
  3 frilled lizards
  11 kobolds
  7 rats
238 creatures vanquished.

Vanquished Creatures (collateral kills)
  A two-headed ogre (D:10)
  An orc warrior (D:9)
  2 orcs (D:9)
  A goblin (D:9)
  2 kobolds (Bailey)
7 creatures vanquished.

Vanquished Creatures (others)
  36 fungi
  2 plants (D:8)
38 creatures vanquished.

Grand Total: 283 creatures vanquished

Notes
Turn   | Place    | Note
-------+----------+-------------------------------------------
     0 | D:1      | crazypyro the Demonspawn Fighter began the quest for the
                  | Orb.
     0 | D:1      | Reached XP level 1. HP: 18/18 MP: 1/1
    83 | D:1      | Reached skill level 2 in Maces & Flails
   476 | D:1      | Gained mutation: A meltable shield of frost defends you.
                  | (SH +4) [demonic ancestry]
   476 | D:1      | Reached XP level 2. HP: 24/24 MP: 2/2
   697 | D:1      | Reached skill level 1 in Dodging
  1102 | D:2      | Gained mutation: You are partially covered in razor-sharp
                  | scales. (AC +1, Slay +1) [demonic ancestry]
  1102 | D:2      | Reached XP level 3. HP: 9/29 MP: 3/3
  1412 | D:2      | Reached skill level 3 in Maces & Flails
  2157 | D:2      | Found Somud's Book Emporium.
  2303 | D:3      | Found a radiant altar of Vehumet.
  2314 | D:3      | Gained mutation: A meltable icy envelope protects you from
                  | harm. (AC +4) [demonic ancestry]
  2314 | D:3      | Reached XP level 4. HP: 35/35 MP: 4/4
  2835 | D:3      | Found Ziceem's Weapon Shoppe.
  3096 | D:3      | Found Idaocw's Book Shoppe.
  3354 | D:4      | Noticed an ogre
  3372 | D:3      | Killed an ogre
  3373 | D:3      | Reached skill level 4 in Maces & Flails
  3373 | D:3      | Gained mutation: You have large cloven feet. [demonic
                  | ancestry]
  3373 | D:3      | Reached XP level 5. HP: 38/41 MP: 5/5
  3526 | D:4      | Noticed a phantom
  3547 | D:3      | Killed a phantom
  3548 | D:3      | Gained mutation: You have hoof-like feet. [demonic
                  | ancestry]
  3548 | D:3      | Reached XP level 6. HP: 33/47 MP: 6/6
  3870 | D:4      | Reached skill level 5 in Maces & Flails
  4135 | D:4      | Gained mutation: You are mostly covered in razor-sharp
                  | scales. (AC +2, Slay +2) [demonic ancestry]
  4135 | D:4      | Reached XP level 7. HP: 35/52 MP: 7/7
  4750 | D:5      | Entered Level 5 of the Dungeon
  5264 | D:5      | Reached skill level 6 in Maces & Flails
  5648 | D:5      | Noticed Sigmund
  5683 | D:5      | Killed Sigmund
  5835 | D:5      | Reached skill level 5 in Shields
  5835 | D:5      | Gained mutation: A weak demonic guardian rushes to your
                  | aid. [demonic ancestry]
  5835 | D:5      | Reached XP level 8. HP: 58/58 MP: 8/8
  5936 | D:5      | Reached skill level 7 in Maces & Flails
  6580 | D:6      | Reached skill level 8 in Maces & Flails
  6990 | D:6      | Found a sparkling altar of Nemelex Xobeh.
  7082 | D:6      | Found a shadowy altar of Dithmenos.
  7130 | D:6      | Found Liuhaac's Jewellery Shoppe.
  7165 | D:6      | Identified the +6 hunting sling of Action {vorpal, Contam
                  | rPois rF+ Stlth+}
  7412 | D:6      | Noticed Eustachio
  7449 | D:6      | Killed Eustachio
  7450 | D:6      | Reached skill level 9 in Maces & Flails
  7450 | D:6      | Gained mutation: You have hooves in place of feet. [demonic
                  | ancestry]
  7450 | D:6      | Reached XP level 9. HP: 24/63 MP: 9/9
  7654 | D:6      | Found Zaruinun's Magic Scroll Boutique.
  7665 | D:6      | Bought a scroll of identify for 26 gold pieces
  7695 | D:6      | Found a bloodstained altar of Trog.
  7785 | D:7      | Found a staircase to the Ecumenical Temple.
  7799 | Temple   | Entered the Ecumenical Temple
  7862 | Temple   | Became a worshipper of Gozag Ym Sagoz the Greedy
  7993 | D:7      | Noticed Menkaure
  7999 | D:7      | Killed Menkaure
  8446 | D:8      | Reached skill level 10 in Maces & Flails
  8469 | D:8      | Gained mutation: A demonic guardian rushes to your aid.
                  | [demonic ancestry]
  8469 | D:8      | Reached XP level 10. HP: 36/70 MP: 10/10
  8482 | D:8      | Reached skill level 11 in Maces & Flails
  8491 | D:8      | Found a staircase to the Lair.
  8807 | D:8      | Noticed a manticore
  8817 | D:8      | Killed a manticore
  9051 | D:6      | Bought the ring "Icubuag" {rCorr Str+4 Int+2} for 475 gold
                  | pieces
  9525 | D:8      | Noticed Grum
  9544 | D:8      | Killed Grum
  9738 | D:8      | Identified the +8 hunting sling of the Smoking Salmon
                  | {vorpal, Will+ Str+3}
  9853 | D:9      | Noticed Joseph
  9862 | D:9      | Killed Joseph
 10440 | D:9      | Found a flagged portal.
 10442 | D:9      | Noticed Erica
 10446 | D:9      | Killed Erica
 10447 | D:9      | Reached skill level 5 in Armour
 10447 | D:9      | Reached skill level 5 in Dodging
 10468 | Bailey   | Entered a bailey
 10504 | Bailey   | Reached XP level 11. HP: 58/75 MP: 11/11
 10851 | D:9      | Noticed Maggie
 10860 | D:9      | Killed Maggie
 11081 | D:9      | Found a staircase to the Orcish Mines.
 11375 | D:10     | Entered Level 10 of the Dungeon
 11568 | D:10     | Noticed a two-headed ogre
 11575 | D:10     | Killed a two-headed ogre
 11637 | D:10     | Noticed a two-headed ogre
 11648 | D:10     | HP: 3/75 [two-headed ogre (13)]
 11648 | D:10     | Killed from afar by an orc priest

Illustrated notes

Levels and vault maps discovered:
D:1:      lightli_arrival_windingriver, layout_loops_cross,
          palyth_stone_intersect
D:2:      layout_basic, serial_shops, nicolae_shop_advertising_works
          [nicolae_subvault_shop_adworks], minivault_26
D:3:      layout_loops_corners, overflow_temple_1_default, serial_shops, shop,
          nicolae_shop_behind_doors, chequers_mini_garden
D:4:      layout_basic, corexii_checkpoint_a, minivault_11
D:5:      layout_layer_cave, uniq_sigmund
D:6:      layout_loops_cross, mainiacjoe_overflow_catch_the_wave,
          mainiacjoe_overflow_big_doors, serial_shops, kennysheep_mini,
          nicolae_shop_waterfront, uniq_eustachio
D:7:      layout_rooms, minmay_temple_entry_wispy, uniq_menkaure
D:8:      layout_loops_cross, minmay_lair_entry_grove, uniq_grum
D:9:      layout_basic, zin_scriptorium, hiddenorc1_lemuel, enter_bailey_5,
          uniq_joseph, uniq_erica, uniq_maggie
D:10:     layout_long_grid, uniq_urug, uniq_nergalle
Temple:   nicolae_temple_elliptical

Skill      XL: |  1  2  3  4  5  6  7  8  9 10 11 |
---------------+----------------------------------+-----
Maces & Flails | 2 3 4 5 6 9 10 11 | 11.6
Dodging        | 1 5 7 |  7.1
Shields        | 3 4 5 6 7 8 |  8.3
Armour         | 3 5 6 |  6.1
Fighting       | |  3.0

Action                   |  1- 3 |  4- 6 |  7- 9 | 10-12 || total
-------------------------+-------+-------+-------+-------++-------
Melee: Flail             |   116 |   145 |   141 |       ||   402
       Kick              |       |    22 |   104 |    95 ||   221
       Morningstar       |       |       |   155 |   269 ||   424
  Use: Scroll            |       |       |    11 |    10 ||    21
       Potion            |       |       |     1 |     2 ||     3
 Stab: Distracted        |       |       |     1 |     4 ||     5
Armor: Scale mail        |    52 |    52 |   181 |    24 ||   309
       Ring mail         |       |       |       |    41 ||    41
       Swamp dragon scal |       |       |       |    17 ||    17
Dodge: Dodged            |    42 |    63 |   115 |    89 ||   309
Block: Buckler           |    50 |    81 |   169 |   148 ||   448
